 Dungeon Crawl Stone Soup version 0.19-a0-1827-g174f941 (webtiles) character file.

280 mrath the Poker (level 6, 0/51 HPs)
             Began as a Centaur Chaos Knight on Oct 7, 2016.
             Slain by a gnoll
             ... wielding a +4 spear of chaos
              (8 damage)
             ... on level 2 of the Dungeon.
             The game lasted 00:07:08 (1714 turns).

mrath the Poker (Centaur Chaos Knight)              Turns: 1714, Time: 00:07:09

Health: 0/51       AC:  6    Str: 16    XL:     6   Next: 5%
Magic:  6/6        EV:  9    Int: 11    God:    Xom [*.....]
Gold:   43         SH:  0    Dex:  9    Spells: 0 memorised, 5 levels left

rFire  . . .     SeeInvis .     a - +0 spear (chaos)
rCold  . . .     Gourm    .     b - +2 leather armour
rNeg   . . .     Faith    .     (no shield)
rPois  .         Spirit   .     (no helmet)
rElec  .         Dismiss  .     (no cloak)
rCorr  .         Reflect  .     (no gloves)
MR     .....     Harm     .     (no barding)
Stlth  ..........               (no amulet)
                                (no ring)
                                (no ring)

@: lethally poisoned (0 -> -2), very slightly contaminated, invisible, very
quick
A: hooves 3, deformed body, speed 2, tough skin 3
a: Renounce Religion


You were on level 2 of the Dungeon.
You worshipped Xom.
You were a special plaything of Xom.
You were hungry.

You visited 1 branch of the dungeon, and saw 2 of its levels.

You collected 43 gold pieces.

Inventory:

Hand Weapons
 a - a +0 spear of chaos (weapon)
Missiles
 o - 14 poisoned needles
 r - 6 stones (quivered)
Armour
 b - a +2 leather armour (worn)
Jewellery
 p - an uncursed ring of magical power {unknown}
Scrolls
 e - 3 scrolls of identify {unknown}
 h - 2 scrolls of remove curse {unknown}
 i - 2 scrolls of amnesia {unknown}
 k - a scroll of recharging {unknown}
 l - a scroll of noise {unknown}
 m - a scroll of magic mapping {unknown}
 s - a scroll of enchant armour {unknown}
Potions
 d - a potion of heal wounds {unknown}
 g - 2 potions of flight
 j - a potion of lignification
Comestibles
 c - 2 bread rations
 f - a meat ration
 n - 2 chunks of flesh


   Skills:
 - Level 3.0 Fighting
 + Level 6.2 Polearms
 - Level 1.3 Armour
 - Level 0.6 Dodging


You had 5 spell levels left.
You didn't know any spells.

Dungeon Overview and Level Annotations

Branches:
Dungeon (2/15)

Altars:
Xom


Innate Abilities, Weirdness & Mutations

You have hooves in place of feet.
Armour fits poorly on your strangely shaped body.
You cover ground very quickly.
You have extremely tough skin. (AC +3)


Message History

You feel sick. The gnoll hits you but does no damage.
The gnoll hits you but does no damage. The gnoll hits you but does no damage.
You feel sick. The gnoll hits you but does no damage.
You feel less woody.
Your +2 leather armour unmelds from your body.
The gnoll hits you but does no damage.
You fade into invisibility!
You are very lightly contaminated with residual magic.
You feel sick.
The gnoll hits you from afar with a spear of chaos!
* * * LOW HITPOINT WARNING * * *
You feel much better.
The gnoll hits you from afar with a spear of chaos.
You are electrocuted!
* * * LOW HITPOINT WARNING * * *
The gnoll barely misses you.
The gnoll hits you from afar with a spear of chaos!
You die...
Xom yawns loudly!

#.# #.# #.# #.#
#g#
#.#############
#......†......#
##############.#
∆
#.)@.......#...#
# ,
#g########.#.###
#...##'####
#.#.#
#..........#*
#.#.#
#..........+,*
#)#.#
...........#,
#.#)#
..((.......#.*
#.#.#
.(...#######.*
#.#.# .....
#.###.#.#


You could see a gnoll.

Vanquished Creatures
  Sigmund (D:2)
  6 gnolls
  4 adders (D:2)
  A dart slug (D:2)
  2 giant cockroaches
  7 goblins
  2 hobgoblins
  A jackal (D:1)
  4 kobolds
  5 rats
33 creatures vanquished.

Notes
Turn   | Place    | Note
-------+----------+-------------------------------------------
     0 | D:1      | mrath the Centaur Chaos Knight began the quest for the Orb.
     0 | D:1      | Reached XP level 1. HP: 19/19 MP: 1/1
   167 | D:1      | XOM: harmless Conj miscast
   223 | D:1      | Reached skill level 3 in Polearms
   237 | D:1      | Found a shimmering altar of Xom.
   338 | D:1      | Reached XP level 2. HP: 26/26 MP: 2/2
   461 | D:1      | XOM: mild Ice miscast
   520 | D:1      | XOM: noise
   539 | D:1      | XOM: divination: detect creatures
   704 | D:2      | XOM: harmless Tmut miscast
   782 | D:2      | Found a faded altar of an unknown god.
   816 | D:2      | Reached XP level 3. HP: 24/31 MP: 3/3
   820 | D:2      | Reached skill level 4 in Polearms
  1106 | D:2      | Reached XP level 4. HP: 31/38 MP: 4/4
  1216 | D:2      | XOM: silly message
  1300 | D:2      | XOM: divination: detect items
  1523 | D:2      | Noticed Sigmund
  1538 | D:2      | XOM: divination: magic mapping
  1543 | D:2      | Killed Sigmund
  1543 | D:2      | Reached skill level 6 in Polearms
  1543 | D:2      | Reached XP level 5. HP: 32/45 MP: 5/5
  1658 | D:2      | XOM: cast spell 'Confusing Touch'
  1666 | D:2      | Reached XP level 6. HP: 45/51 MP: 6/6
  1680 | D:2      | XOM: mild Ice miscast
  1690 | D:2      | XOM: divination: detect creatures
  1691 | D:2      | XOM: chaos upgrade
  1711 | D:2      | HP: 1/51 [gnoll/spear of chaos (7)]
  1714 | D:2      | Slain by a gnoll

Vault maps used:
D:1:      lemuel_arrival_funnel, xom_teletrap_fun
D:2:      ecumenical_altar_1, uniq_sigmund

Skill      XL: |  1  2  3  4 |
---------------+-------------+-----
Polearms       | 3 4 6 |  6.2
Fighting       | |  3.0
Armour         | |  1.3
Dodging        | |  0.6

Action                   |  1- 3 |  4- 6 || total
-------------------------+-------+-------++-------
Melee: Spear             |    76 |    77 ||   153
       Kick              |    10 |     4 ||    14
Throw: Stone             |       |     3 ||     3
  Use: Potion            |       |     4 ||     4
 Stab: Confused          |       |     1 ||     1
  Eat: Chunk             |       |     1 ||     1
Armor: Leather armour    |    16 |    15 ||    31
       Skin              |       |    24 ||    24
Dodge: Dodged            |    30 |    35 ||    65
